 Dungeon Crawl Stone Soup version 0.27-a0-965-gbf8bb431c4 (webtiles) character file.

Game seed: 12899738313611953139

47 polve the Cutter (level 3, -3/29 HPs)
             Began as a Demonspawn Abyssal Knight on Apr 12, 2021.
             Was a Follower of Lugonu.
             Slain by Robin
             ... wielding a +2 dagger of venom
              (6 damage)
             ... on level 3 of the Dungeon.
             The game lasted 00:01:21 (1559 turns).

polve the Cutter (Demonspawn Abyssal Knight)        Turns: 1559, Time: 00:01:22

Health: -3/29      AC:  7    Str: 13    XL:     3   Next: 48%
Magic:  4/4        EV: 10    Int: 13    God:    Lugonu [*.....]
Gold:   78         SH:  0    Dex: 12    Spells: 2/2 levels left

rFire    . . .     SeeInvis .   g - +2 short sword (elec)
rCold    . . .     Faith    .   (no shield)
rNeg     . . .     Spirit   .   d - +0 ring mail
rPois    .         Reflect  .   (no helmet)
rElec    .         Harm     .   (no cloak)
rCorr    .         Rampage  .   (no gloves)
Will     .....                  (no boots)
Stlth    +.........             (no amulet)
HPRegen  0.09/turn              (no ring)
MPRegen  0.09/turn              (no ring)

@: lethally poisoned (-3 -> -12)
A: slimy green scales 1, mutation resistance 1
a: Renounce Religion, Depart the Abyss


You were on level 3 of the Dungeon.
You worshipped Lugonu.
Lugonu was aware of your devotion.
You visited 1 branch of the dungeon, and saw 3 of its levels.
You visited the Abyss 1 time.

You collected 78 gold pieces.

Inventory:

Hand Weapons
 a - a +1 short sword
 g - a +2 short sword of electrocution (weapon)
Armour
 b - a +0 leather armour
 d - a +0 ring mail (worn)
 h - a +0 pair of gloves
Scrolls
 c - a scroll of immolation {unknown}
 f - a scroll of identify {unknown}
Potions
 e - a potion of brilliance {unknown}


   Skills:
 - Level 3.0 Fighting
 + Level 3.6 Short Blades
 - Level 1.7 Armour
 - Level 0.8 Dodging
 - Level 2.4 Invocations


You had 2 spell levels left.
You didn't know any spells.
Your spell library contained the following spells:

 Spells                   Type           Power      Damage    Failure   Level
 Animate Skeleton         Necr           0%         N/A       54%         1
 Apportation              Tloc           0%         N/A       54%         1
 Corona                   Hex            0%         N/A       54%         1
 Summon Small Mammal      Summ           0%         N/A       54%         1


Dungeon Overview and Level Annotations

Branches:
Dungeon (2/15)

Altars:

Annotations:
D:3 Robin


Innate Abilities, Weirdness & Mutations

You are partially covered in slimy green scales. (AC +2)
You are somewhat resistant to further mutation.


Message History

You kill the goblin!
Lugonu accepts your kill.
You barely miss the goblin. The goblin hits you but does no damage.
You hit the goblin.
The goblin is moderately wounded.
The goblin hits you but does no damage. Robin throws the goblin at you!
You swing at nothing.
The goblin hits you but does no damage.
Robin roars a battlecry!
The goblins go into a battle-frenzy!
You hit the hobgoblin but do no damage. The hobgoblin hits you.
The goblin hits you with a +0 club.
You closely miss the hobgoblin.
The hobgoblin hits you but does no damage.
The goblin closely misses you. The goblin barely misses you.
Found a long sword.
You barely miss the hobgoblin. The hobgoblin hits you.
You hit the hobgoblin.
The hobgoblin is severely wounded.
The hobgoblin hits you.
You hit the hobgoblin.
You kill the hobgoblin!
Lugonu accepts your kill.
You hit Robin.
Robin is lightly wounded.
Robin throws the goblin at you!
You barely miss the goblin.
The goblin is moderately wounded.
The goblin hits you with a +0 club.
* * * LOW HITPOINT WARNING * * *
Robin hits you with a +2 dagger of venom.
* * * LOW HITPOINT WARNING * * *
You are lethally poisoned!
You miss the goblin.
The goblin is moderately wounded.
* * * LOW HITPOINT WARNING * * *
You feel very sick. The goblin closely misses you.
Robin hits you with a +2 dagger of venom.
You die...

.........##.#
.........##.#
..^......##.#
.........##.#
...>.....##.##
........)....# .
###'#####....#
... #.#
#....######....)
#.#
#......g@g...#
#.#
###+##.#######
#.# ##)# #.#
#..# #.# #.###
#.)g# ###g# #)#
#g#


You could see Robin and a goblin (strong).

Vanquished Creatures
  2 giant cockroaches
  14 goblins
  3 hobgoblins
  2 jackals (D:2)
  4 quokkas
  4 ball pythons
  2 bats (D:1)
  3 kobolds
  A quokka zombie (D:2)
  6 rats
41 creatures vanquished.

Notes
Turn   | Place    | Note
-------+----------+-------------------------------------------
     0 | Abyss:1  | polve the Demonspawn Abyssal Knight began the quest for the
                  | Orb.
     0 | Abyss:1  | Reached XP level 1. HP: 18/18 MP: 2/2
    46 | Abyss:1  | Noticed a cacodemon
    47 | D:1      | Escaped the Abyss
   591 | D:1      | Gained mutation: You are partially covered in slimy green
                  | scales. (AC +2) [demonic ancestry]
   591 | D:1      | Reached XP level 2. HP: 24/24 MP: 3/3
   687 | D:1      | Gained mutation: You are somewhat resistant to further
                  | mutation. [potion of mutation]
  1217 | D:2      | Reached * piety under Lugonu
  1372 | D:2      | Reached XP level 3. HP: 29/29 MP: 4/4
  1481 | D:2      | You fall into a shaft and drop 1 floor!
  1520 | D:3      | Noticed Robin
  1559 | D:3      | Slain by Robin

Illustrated notes

Levels and vault maps discovered:
D:1:      heliophobic_arrival_battle_scene, layout_loops_ring
D:2:      minmay_angry_zag, layout_basic, serial_undead, serial_undead_a,
          serial_undead_e, serial_undead_b, serial_undead_d, st_stairs_8
D:3:      layout_basic, chequers_ecumenical_altar_island, uniq_robin

Skill      XL: |  1  2 |
---------------+-------+-----
Short Blades   | 2 3 |  3.6
Fighting       | |  3.0
Armour         | |  1.7
Dodging        | |  0.8
Invocations    | |  2.4

Action                   || total
-------------------------++-------
Melee: Short sword       ||   103
Invok: Depart the Abyss  ||     1
  Use: Potion            ||     3
Armor: Leather armour    ||     6
       Ring mail         ||    30
Dodge: Dodged            ||    51

Table legend: (Time is in decaauts)
 A = Elapsed time spent in this place.
 B = Non-inter-level travel time spent in this place.
 C = Inter-level travel time spent in this place.
 D = Time resting spent in this place.
 E = Time spent auto-exploring this place.
 F = Levels seen in this place.
 G = Mean time per level.
                   A        B        C        D        E       F      G
               +--------+--------+--------+--------+--------+-----+--------+
         Total |   1556 |   1504 |     52 |      0 |   1275 |   4 |  389.0 |
       Dungeon |   1506 |   1454 |     52 |      0 |   1227 |   3 |  502.0 |
         Abyss |     50 |     50 |      0 |      0 |     48 |   1 |   50.0 |
               +--------+--------+--------+--------+--------+-----+--------+

Top non-repeatable levels by time:
     D:1: 995 daAuts
     D:2: 435 daAuts
     D:3: 75 daAuts
 Abyss:1: 50 daAuts
